 Dungeon Crawl Stone Soup version 0.28.0-53-g5a82cb258f (webtiles) character file.

Game seed: 9771079877605351969

65 Zeld the Conjurer (level 3, 0/19 HPs)
             Began as a Deep Elf Conjurer on May 24, 2022.
             Slain by Crazy Yiuf
             ... wielding a +4 quarterstaff of chaos
              (17 damage)
             ... on level 2 of the Dungeon.
             The game lasted 00:01:55 (1930 turns).

Zeld the Conjurer (Deep Elf Conjurer)               Turns: 1930, Time: 00:01:56

Health: 0/19       AC:  2    Str:  4    XL:     3   Next: 94%
Magic:  6/10       EV: 12    Int: 24    God:
Gold:   67         SH:  0    Dex: 13    Spells: 7/10 levels left

rFire   . . .      SeeInvis .   (no weapon)
rCold   . . .      Faith    .   (no shield)
rNeg    . . .      Spirit   .   a - +0 robe
rPois   .          Reflect  .   (no helmet)
rElec   .          Harm     .   (no cloak)
rCorr   .          Rampage  .   (no gloves)
Will    .....                   (no boots)
Stlth   ++........              (no amulet)
HPRegen 0.06/turn               (no ring)
MPRegen 0.12/turn               (no ring)

@: no status effects
A: no striking features
a: no special abilities


You were on level 2 of the Dungeon.
You visited 1 branch of the dungeon, and saw 2 of its levels.

You collected 67 gold pieces.

Inventory:

Armour
 a - a +0 robe (worn)
Jewellery
 j - a ring of protection from fire
Scrolls
 d - 2 scrolls of immolation {unknown}
 g - a scroll of silence {unknown}
 i - a scroll of magic mapping {unknown}
 k - a scroll of holy word {unknown}
 l - a scroll of fear {unknown}
 m - a scroll of identify {unknown}
Potions
 b - 2 potions of curing {unknown}
 c - a potion of flight {unknown}
 e - a potion of invisibility {unknown}
 f - 2 potions of brilliance {unknown}
 h - a potion of attraction {unknown}


   Skills:
 + Level 2.9 Dodging
 - Level 2.4 Stealth
 * Level 4.1 Spellcasting
 * Level 5.0 Conjurations
 + Level 1.3 Hexes
 + Level 1.1 Translocations


You had 7 spell levels left.
You knew the following spells:

 Your Spells              Type           Power      Damage    Failure   Level
a - Magic Dart            Conj           100%       1d8       1%          1
b - Searing Ray           Conj           58%        2d6       1%          2

Your spell library contained the following spells:

 Spells                   Type           Power      Damage    Failure   Level
 Dazzling Flash           Conj/Hex       40%        N/A       8%          3
 Fulminant Prism          Conj/Hex       10%        3d9       26%         4
 Iskenderun's Mystic Bla  Conj/Tloc      19%        2d6       26%         4


Dungeon Overview and Level Annotations

Branches:
Dungeon (2/15)

Altars:

Shops:
D:2 (

Annotations:
D:2 Crazy Yiuf


Message History

Key pressed, stopping explore.
No target in view!
Autopickup disabled for rings of protection from fire.
You drop a ring of protection from fire.
j - a ring of protection from fire
m - a scroll labelled TIEKEUNAGAI You see here a +0 leather armour.
d - 2 scrolls labelled HIASTRA ZEBAMU (gained 1)
Found a mace.
Found a runed translucent door.
You see here a +0 leather armour.
Crazy Yiuf shouts!
Crazy Yiuf laughs, "Mugger!"
Press: ? - help, v - describe, . - travel
Here: Crazy Yiuf, wielding a +4 quarterstaff of chaos, wearing a +0 cloak and carrying a wand of digging (3) (fire blocked by a runed translucent door)
The floor.
You open the door. You hit the fungus but do no damage.
Crazy Yiuf barely misses you.
Crazy Yiuf says, "Spliff!
Goldfish illywillydillykilly infinity."
Crazy Yiuf laughs, "Trifle!
Millenium green shoe."
Crazy Yiuf laughs, "Gnoll eyeball pontify!"
Casting: Searing Ray (safe; 1% risk of failure)
Confirm with . or Enter, or press ? or * to list all spells.
Aiming: Searing Ray (safe; 1% risk of failure)
Press: ? - help, Shift-Dir - straight line, f - Crazy Yiuf
Aim: Crazy Yiuf, wielding a +4 quarterstaff of chaos, wearing a +0 cloak and carrying a wand of digging (3) (82% to hit)
The searing ray hits Crazy Yiuf!
Crazy Yiuf is heavily wounded. (Press . to maintain the ray.) Crazy Yiuf cries, "Leather infinity ragdoll!"
The searing ray hits Crazy Yiuf.
Crazy Yiuf is severely wounded.
Crazy Yiuf hits you with a +4 quarterstaff of chaos.
Crazy Yiuf burns you.
Unknown command.
The searing ray hits Crazy Yiuf.
Crazy Yiuf is almost dead.
Crazy Yiuf hits you with a +4 quarterstaff of chaos!
Ouch! That really hurt!
You die...

..###...# #.....[....#......#
######.## ##................#
.# #...# ##......###......#
.###.### #####....## ###.####
..##.# ##......### #..#
#.##.######..###.## #####.##
...#.....#..## #.# ##.....#####
.........#.## #g###..........#
............####@#............#
...................##.........#
.###........####.###..........#
.# #.......)##...##......(....#
####.....##.##.###..######....#
.........##....##.............#
....................######....#
................##..# #....#
....#...........##..# #....#


You could see Crazy Yiuf.

Vanquished Creatures
  Terence (D:2)
  An adder (D:2)
  3 endoplasms
  2 giant cockroaches (D:1)
  6 goblins
  5 jackals (D:1)
  A quokka (D:2)
  3 ball pythons
  3 bats
  A frilled lizard (D:1)
  A kobold (D:1)
  3 rats
30 creatures vanquished.

Notes
Turn   | Place    | Note
-------+----------+-------------------------------------------
     0 | D:1      | Zeld the Deep Elf Conjurer began the quest for the Orb.
     0 | D:1      | Reached XP level 1. HP: 10/10 MP: 6/6
   143 | D:1      | Found a faded altar of an unknown god.
   368 | D:1      | Reached XP level 2. HP: 15/15 MP: 5/8
   508 | D:1      | Learned a level 2 spell: Searing Ray
  1196 | D:2      | Reached XP level 3. HP: 19/19 MP: 6/10
  1429 | D:2      | Reached skill level 1 in Hexes
  1494 | D:2      | Noticed Terence
  1500 | D:2      | Killed Terence
  1501 | D:2      | Reached skill level 5 in Conjurations
  1501 | D:2      | Reached skill level 1 in Translocations
  1688 | D:2      | Found Yfok's Antique Weapon Emporium.
  1850 | D:2      | Found a runed translucent door.
  1851 | D:2      | Noticed Crazy Yiuf
  1930 | D:2      | Slain by Crazy Yiuf

Illustrated notes

Levels and vault maps discovered:
D:1:      elethiomel_arrival_infinity_welcomes_careful_drivers,
          layout_loops_corners, basic_ecumenical_altar
D:2:      layout_rooms, serial_shops, nicolae_shop_behind_doors,
          uniq_crazy_yiuf_cottage, uniq_terence

Skill      XL: |  1  2  3 |
---------------+----------+-----
Hexes          | 1 |  1.3
Spellcasting   | 4 |  4.1
Conjurations   | 5 |  5.0
Translocations | 1 |  1.1
Dodging        | |  2.9
Stealth        | |  2.4

Action                   || total
-------------------------++-------
Melee: Unarmed           ||     7
 Cast: Magic Dart        ||    38
       Searing Ray       ||    10
Armor: Robe              ||     6
Dodge: Dodged            ||    15
